 Dungeon Crawl Stone Soup version 0.28.0-43-g3370ac3207 (webtiles) character file.

Game seed: 3529885293984210070

129 uselesstheremin the Cudgeller (level 4, -1/41 HPs)
             Began as a Minotaur Berserker on Mar 2, 2022.
             Was a Follower of Trog.
             Slain by a necrophage (5 damage)
             ... on level 4 of the Dungeon.
             The game lasted 00:07:20 (1239 turns).

uselesstheremin the Cudgeller (Minotaur Berserker)  Turns: 1239, Time: 00:07:21

Health: -1/41      AC:  2    Str: 23    XL:     4   Next: 88%
Magic:  3/3        EV: 12    Int:  4    God:    Trog [*.....]
Gold:   34         SH:  0    Dex: 10    Spells: 3/3 levels left

rFire   . . .      SeeInvis .   a - +0 mace
rCold   . . .      Faith    .   (no shield)
rNeg    . . .      Spirit   .   b - +0 animal skin
rPois   .          Reflect  .   (helmet restricted)
rElec   .          Harm     .   (no cloak)
rCorr   .          Rampage  .   (no gloves)
Will    .....                   (no boots)
Stlth   +.........              (no amulet)
HPRegen 0.13/turn               (no ring)
MPRegen 0.08/turn               (no ring)

@: on berserk cooldown, slowed, very slow
A: horns 2, retaliatory headbutt
a: Renounce Religion, Berserk


You were on level 4 of the Dungeon.
You worshipped Trog.
Trog was aware of your devotion.
You visited 1 branch of the dungeon, and saw 3 of its levels.

You collected 34 gold pieces.

Inventory:

Hand Weapons
 a - a +0 mace (weapon)
 j - a +4 dagger
Armour
 b - a +0 animal skin (worn)
 h - a +0 chain mail
Scrolls
 c - a scroll of enchant weapon {unknown}
 e - 3 scrolls of identify {unknown}
 f - a scroll of immolation {unknown}
 g - 2 scrolls of magic mapping {unknown}
Potions
 d - a potion of attraction {unknown}
 i - a potion of berserk rage {unknown}


   Skills:
 + Level 4.8 Fighting
 + Level 5.3 Maces & Flails
 + Level 2.8 Armour
 + Level 2.9 Dodging
 + Level 0.4 Stealth


You had 3 spell levels left.
You didn't know any spells.
Your spell library was empty.

Dungeon Overview and Level Annotations

Branches:
Dungeon (2/15)

Altars:


Innate Abilities, Weirdness & Mutations

You have a pair of horns on your head.
You reflexively headbutt those who attack you in melee.


Message History

You miss the phantom. The phantom hits you.
The phantom blinks!
You blink.
Found 7 gold pieces.
Found a stone staircase leading down.
A red film seems to cover your vision as you go berserk!
You feel yourself moving faster!
You feel mighty! The phantom hits you.
The phantom blinks!
You blink.
You sock the phantom!
The phantom is moderately damaged.
The phantom hits you!
You hit the phantom. You headbutt the phantom.
The phantom is severely damaged.
The phantom hits you.
* * * LOW HITPOINT WARNING * * *
You barely miss the phantom.
The phantom is severely damaged.
The phantom hits you!
* * * LOW HITPOINT WARNING * * *
The phantom blinks!
You blink.
You barely miss the phantom.
The phantom is severely damaged.
The phantom hits you.
* * * LOW HITPOINT WARNING * * *
You closely miss the phantom.
The phantom is severely damaged.
You closely miss the phantom.
The phantom is severely damaged.
The phantom barely misses you. You furiously retaliate!
You headbutt the phantom!!
You destroy the phantom!
Trog accepts your kill.
Your Maces & Flails skill increases to level 5!
You have reached level 4!
You feel agile.
You feel a strong urge to attack something.
You are no longer berserk.
You are exhausted.
You feel yourself slow down. The necrophage barely misses you.
You are too injured to fight recklessly!
The necrophage hits you.
You die...

# ####.#.##
#@......#
#n##.##.#
##.##.# .#
#.....##.# .#
#..##....# $..
#..##....# ....
#...n§...#
#>.#......>...#
#.............#


You could see a necrophage.

Vanquished Creatures
  A phantom (D:4)
  A hound skeleton (D:4)
  A gnoll (D:1)
  4 dart slugs
  A bat (D:1)
  2 endoplasms
  3 giant cockroaches
  A goblin (D:1)
  A hobgoblin (D:1)
  3 jackals (D:1)
  2 quokkas
  A ball python (D:1)
  A frilled lizard (D:1)
  A rat (D:2)
23 creatures vanquished.

Vanquished Creatures (others)
  A fungus (D:1)
  A plant (D:1)
2 creatures vanquished.

Grand Total: 25 creatures vanquished

Notes
Turn   | Place    | Note
-------+----------+-------------------------------------------
     0 | D:1      | uselesstheremin the Minotaur Berserker began the quest for
                  | the Orb.
     0 | D:1      | Reached XP level 1. HP: 19/19 MP: 0/0
   127 | D:1      | Reached XP level 2. HP: 17/27 MP: 1/1
   307 | D:1      | Reached skill level 4 in Maces & Flails
   561 | D:1      | Reached XP level 3. HP: 26/33 MP: 2/2
   566 | D:1      | Found a faded altar of an unknown god.
  1215 | D:2      | You fall into a shaft and drop 2 floors!
  1215 | D:4      | Noticed a necrophage
  1215 | D:4      | Noticed a phantom
  1232 | D:4      | Killed a phantom
  1233 | D:4      | Reached skill level 5 in Maces & Flails
  1233 | D:4      | Reached XP level 4. HP: 5/41 MP: 3/3
  1239 | D:4      | Slain by a necrophage

Illustrated notes

Levels and vault maps discovered:
D:1:      dpeg_arrival_tiny_j, layout_basic, serial_curves, eino_curves_03,
          eino_curves_02, shapermc_ecumenical_altar_rom_forum
D:2:      layout_basic, serial_shops, shop_fountains, uniq_crazy_yiuf_cottage
D:4:      layout_loops_cross, kennysheep_generic_room_7

Skill      XL: |  1  2  3 |
---------------+----------+-----
Fighting       | 4 |  4.8
Maces & Flails | 4 5 |  5.3
Armour         | |  2.8
Dodging        | |  2.9
Stealth        | |  0.4

Action                   |  1- 3 |  4- 6 || total
-------------------------+-------+-------++-------
Melee: Mace              |    55 |       ||    55
       Headbutt          |     6 |       ||     6
Invok: Berserk           |     1 |       ||     1
 Stab: Sleeping          |     1 |       ||     1
Armor: Animal skin       |    10 |       ||    10
Dodge: Dodged            |    38 |     1 ||    39
